 Dungeon Crawl Stone Soup version 0.31-a0-1074-g0b22e4e0f1 (webtiles) character file.

Game seed: 8771858810758048605

1907 tbh1313 the Cleaver (level 8, -14/87 (96) HPs)
             Began as a Minotaur Berserker on Dec 1, 2023.
             Was a Priest of Trog.
             Blown up by Jeremiah (21 damage)
             ... with a mindburst bolt
             ... on level 6 of the Dungeon.
             The game lasted 00:14:33 (4696 turns).

tbh1313 the Cleaver (Minotaur Berserker)            Turns: 4696, Time: 00:14:34

HP:   -14/87 (96)   AC: 11    Str: 23    XL:     8   Next: 94%
MP:   7/7           EV:  5    Int:  6    God:    Trog [***...]
Gold: 292           SH: 16    Dex:  9    Spells: 7/7 levels left

rFire   . . .        a - +1 hand axe
rCold   . . .        m - +3 kite shield
rNeg    + . .        q - +0 plate armour
rPois   .            (helmet restricted)
rElec   .            (no cloak)
rCorr   +            (no gloves)
SInv    .            (no boots)
Will    .....        p - amulet of reflection Stlth
                     s - ring of positive energy
HPRegen 0.34/turn    t - ring of resist corrosion
MPRegen 0.10/turn

%: reflection
@: berserking, hasted, drained, very quick
A: horns 2, retaliatory headbutt
a: Renounce Religion, Berserk, Trog's Hand


You were on level 6 of the Dungeon.
You worshipped Trog.
Trog was most pleased with you.
You visited 1 branch of the dungeon, and saw 6 of its levels.

You collected 292 gold pieces.

Inventory:

Hand Weapons
 a - a +1 hand axe (weapon)
Armour
 m - a +3 kite shield (worn)
 q - a +0 plate armour (worn)
Jewellery
 p - an amulet of reflection (around neck)
 s - a ring of positive energy (left hand)
 t - a ring of resist corrosion (right hand)
Wands
 h - a wand of roots (11)
 l - a wand of quicksilver (16)
Scrolls
 c - a scroll of noise
 k - 3 scrolls of teleportation
Potions
 d - a potion of berserk rage
 e - a potion of degeneration
 f - a potion of haste
 g - a potion of attraction {unknown}
 i - a potion of cancellation {unknown}
 j - a potion of heal wounds
 n - 2 potions of curing {unknown}
 o - a potion of lignification {unknown}
 r - a potion of enlightenment {unknown}


   Skills:
 - Level 3.6 Fighting
 * Level 13.6 Axes
 - Level 2.4 Armour
 - Level 2.1 Dodging
 + Level 3.5 Shields


You had 7 spell levels left.
You didn't know any spells.
Your spell library contained the following spells:

 Spells                   Type           Power      Damage    Failure   Level
 Freeze                   Ice            0%         1d3       100%        1
 Frozen Ramparts          Ice            0%         1d1       100%        3
 Hailstorm                Conj/Ice       0%         3d3       100%        3
 Tukima's Dance           Hex            0%         N/A       100%        3
 Dimensional Bullseye     Hex/Tloc       0%         N/A       100%        4
 Iskenderun's Mystic Bla  Conj/Tloc      0%         2d3       100%        4


Dungeon Overview and Level Annotations

Branches:
Dungeon (6/15)             Temple (0/1) D:4

Altars:
Ashenzari
Cheibriados
Hepliaklqana
Sif Muna
Uskayaw

Annotations:
D:6 Jeremiah


Innate Abilities, Weirdness & Mutations

You have a pair of horns on your head.
You reflexively headbutt those who attack you in melee.


Message History

You closely miss Jeremiah.
Jeremiah is heavily wounded.
You slash the butterfly!
You kill the butterfly!
The butterfly disappears in a burst of colours!
Jeremiah mumbles a slurred invocation.
Something smites you!
* * * LOW HITPOINT WARNING * * *
You miss Jeremiah.
Jeremiah is heavily wounded.
You closely miss Jeremiah.
Jeremiah is heavily wounded.
The butterfly disappears in a burst of colours!
Jeremiah hits you with a +3 trident of draining.
* * * LOW HITPOINT WARNING * * *
You partially resist.
You feel drained.
You slash Jeremiah!
Jeremiah is severely wounded.
You barely miss Jeremiah. Your headbutt misses Jeremiah.
Jeremiah is severely wounded.
Jeremiah lets out a twisted cry.
Something smites you!
* * * LOW HITPOINT WARNING * * *
You hit Jeremiah.
Jeremiah is severely wounded.
You miss the butterfly. You slash Jeremiah!
Jeremiah is almost dead.
You slash the butterfly!
You kill the butterfly!
The butterfly disappears in a burst of colours!
You block Jeremiah's attack.
You barely miss Jeremiah.
Jeremiah is almost dead.
You miss the butterfly. You hit Jeremiah but do no damage.
Jeremiah is almost dead.
Jeremiah zaps a wand.
Your mind is blasted!
You die...
Jeremiah wails, "I didn't mean to kill anyone!
I'm not a murderer!" ##### #.... ### #.### #b. #.# #b## #.# #bb

#.# #F# #.# #@#
#.# #b# #.#
#.##### #.#
#.b..(# #.# #
#.###.# #.# # #.#
#.# #.### #.# #.#
#....
#.###.###########.
#.................


You could see Jeremiah.

Levels and vault maps discovered:
D:1:      dpeg_arrival_pits, layout_loops_corners,
          chequers_ecumenical_altar_grove, dk_noncrumbling_2,
          minmay_misc_feat_rows
D:2:      layout_rooms, amcnicky_mini_corridor_feature, grunt_ministairs_15,
          hangedman_glass_teeth
D:3:      layout_basic, gammafunk_ghost_necromancy,
          ebering_dispersal_statue_hall, dk_noncrumbling_3
D:4:      layout_loops_ring, minmay_overflow_temple_star_quad,
          minmay_temple_entry_poolview, nicolae_grassy_gnolls, uniq_robin,
          uniq_pikel
D:5:      layout_basic, nzn_hepliaklqana_mist_gate, lemuel_tele_altar
D:6:      layout_loops_ring, uniq_blork_the_orc, uniq_jeremiah, uniq_eustachio

Notes
Turn   | Place    | Note
-------+----------+-------------------------------------------
     0 | D:1      | tbh1313 the Minotaur Berserker began the quest for the Orb.
     0 | D:1      | Reached XP level 1. HP: 19/19 MP: 0/0
   168 | D:1      | Reached skill level 4 in Axes
   229 | D:1      | Reached XP level 2. HP: 26/26 MP: 1/1
   406 | D:1      | Found a faded altar of an unknown god.
   782 | D:1      | Reached skill level 5 in Axes
  1081 | D:2      | Reached ** piety under Trog
  1082 | D:2      | Reached XP level 3. HP: 31/31 MP: 2/2
  1927 | D:3      | Found a runed translucent gate.
  1927 | D:3      | Found a runed translucent gate.
  1927 | D:3      | Found a runed translucent gate.
  1933 | D:3      | Noticed dprevitalli's ghost (amateur DjFE)
  2277 | D:3      | Reached skill level 6 in Axes
  2277 | D:3      | Reached XP level 4. HP: 39/39 MP: 3/3
  2565 | D:3      | Reached skill level 7 in Axes
  2565 | D:3      | Reached XP level 5. HP: 45/45 MP: 4/4
  2569 | D:3      | Killed dprevitalli's ghost
  2570 | D:3      | Reached skill level 8 in Axes
  2570 | D:3      | Reached XP level 6. HP: 51/51 MP: 5/5
  2573 | D:3      | Reached skill level 9 in Axes
  2652 | D:4      | Noticed Pikel
  2666 | D:4      | Killed Pikel
  2667 | D:4      | Reached skill level 11 in Axes
  2667 | D:4      | Reached XP level 7. HP: 33/57 MP: 6/6
  3010 | D:4      | Reached XP level 8. HP: 50/64 MP: 7/7
  3210 | D:4      | Noticed Robin
  3223 | D:4      | Reached *** piety under Trog
  3225 | D:4      | Killed Robin
  3514 | D:4      | Reached skill level 12 in Axes
  3605 | D:4      | Found a staircase to the Ecumenical Temple.
  3694 | D:4      | Found a hide-covered altar of Uskayaw.
  3707 | D:4      | Found a broken altar of Ashenzari.
  3710 | D:4      | Found a snail-covered altar of Cheibriados.
  3786 | D:5      | Entered Level 5 of the Dungeon
  3814 | D:5      | Found a shimmering blue altar of Sif Muna.
  3952 | D:5      | Found a hazy altar of Hepliaklqana.
  4011 | D:5      | Reached skill level 1 in Shields
  4341 | D:6      | Reached skill level 13 in Axes
  4406 | D:6      | Noticed Eustachio
  4408 | D:6      | Noticed Blork the orc
  4426 | D:6      | Killed Blork the orc
  4449 | D:6      | Killed Eustachio
  4610 | D:6      | Noticed Jeremiah
  4692 | D:6      | HP: 6/87 [Jeremiah/divine providence (7)]
  4696 | D:6      | Blown up by Jeremiah

Table legend: (Time is in decaauts)
 A = Elapsed time spent in this place.
 B = Non-inter-level travel time spent in this place.
 C = Inter-level travel time spent in this place.
 D = Time resting spent in this place.
 E = Time spent auto-exploring this place.
 F = Levels seen in this place.
 G = Mean time per level.
                   A        B        C        D        E       F      G
               +--------+--------+--------+--------+--------+-----+--------+
         Total |   4694 |   4591 |    103 |    584 |   3271 |   6 |  782.3 |
       Dungeon |   4694 |   4591 |    103 |    584 |   3271 |   6 |  782.3 |
               +--------+--------+--------+--------+--------+-----+--------+

Top non-repeatable levels by time:
     D:4: 1143 daAuts
     D:1: 1082 daAuts
     D:3: 900 daAuts
     D:2: 679 daAuts
     D:5: 518 daAuts
     D:6: 370 daAuts

Table legend:
 A = Kills in this place as a percentage of kills in the entire game.
 B = Kills by you in this place as a percentage of kills by you in the entire game.
 C = Kills by friends in this place as a percentage of kills by friends in the entire game.
 D = Other kills in this place as a percentage of other kills in the entire game.
 E = Experience gained in this place as a percentage of experience gained in the entire game.
 F = Experience gained in this place divided by the number of levels of this place that you have seen.
                   A       B       C       D       E      F
               +-------+-------+-------+-------+-------+----------------------
         Total | 100.0 | 100.0 |   N/A |   N/A | 100.0 | 454.2
       Dungeon | 100.0 | 100.0 |   N/A |   N/A | 100.0 | 454.2
               +-------+-------+-------+-------+-------+----------------------

Action                     |  1- 3 |  4- 6 |  7- 9 || total
---------------------------+-------+-------+-------++-------
  Melee: Hand axe          |   112 |    24 |   184 ||   320
         Headbutt          |    18 |     3 |    27 ||    48
         Punch             |       |       |     1 ||     1
 Invoke: Berserk           |       |     2 |     4 ||     6
  Evoke: Wand              |       |       |     1 ||     1
    Use: Scroll            |    10 |       |     3 ||    13
         Potion            |       |       |     2 ||     2
   Stab: Sleeping          |     1 |       |       ||     1
 Armour: Animal skin       |    49 |       |       ||    49
         Ring mail         |       |    25 |    41 ||    66
         Plate armour      |       |       |    19 ||    19
  Dodge: Dodged            |    62 |    20 |    32 ||   114
  Block: Kite shield       |       |       |    64 ||    64
         Reflection        |       |       |     2 ||     2

Vanquished Creatures
  Pikel (D:4)
  The ghost of dprevitalli the Ducker, an amateur DjFE (D:3)
  Eustachio (D:6)
  A black bear (D:5)
  2 ogres (D:5)
  2 lemures (D:4)
  A phantom (D:6)
  Blork the orc (D:6)
  A gnoll sergeant (D:4)
  A wyvern zombie (D:3)
  A bullfrog (D:6)
  2 scorpions
  An orc priest (D:4)
  3 bullfrog skeletons (D:3)
  3 iguanas
  A sleepcap (D:6)
  A killer bee zombie (D:3)
  Robin (D:4)
  3 gnolls (D:4)
  4 adders
  A worm (D:2)
  3 dart slugs
  10 orcs
  6 ball pythons
  10 endoplasms
  2 giant cockroaches
  14 goblins
  6 hobgoblins
  3 jackals (D:5)
  4 quokkas
  8 bats
  4 frilled lizards
  5 kobolds
  10 rats
118 creatures vanquished.
